 Dungeon Crawl Stone Soup version 0.19-a0-1498-g0b85ae9 (webtiles) character file.

12247 Krapule the Blocker (level 12, -1/84 HPs)
             Began as a Formicid Fighter on Sept 10, 2016.
             Was an Elder of Hepliaklqana.
             Slain by an orc knight
             ... wielding a +0 battleaxe
              (25 damage)
             ... on level 1 of the Orcish Mines.
             The game lasted 00:46:52 (12959 turns).

Krapule the Blocker (Formicid Fighter)             Turns: 12959, Time: 00:46:53

Health: -1/84      AC:  8    Str: 23    XL:     12   Next: 17%
Magic:  17/17      EV: 14    Int: 13    God:    Hepliaklqana [****..]
Gold:   707        SH: 12    Dex: 10    Spells: 0 memorised, 11 levels left

rFire  + + .     SeeInvis +     b - +6 hand crossbow of Conversion {penet, Str+2}
rCold  x . .     Gourm    +     M - +1 robe of Hits {+Blink rF+ Slay+3}
rNeg   . . .     Faith    .     c - +0 shield
rPois  .         Spirit   .     (helmet unavailable)
rElec  .         Dismiss  .     e - +1 cloak
rCorr  .         Reflect  .     j - +0 pair of gloves
MR     +....     Harm     .     L - +0 pair of boots
Stlth  ++++......               p - amulet of the gourmand
                                (no ring)
                                d - ring of fire

@: no status effects
A: permanent stasis, dig shafts and tunnels, four strong arms, antennae 3
a: Dig, Shaft Self, Recall Ancestor, Ancestor Identity, Transference, Idealise,
Renounce Religion


You were on level 1 of the Orcish Mines.
You worshipped Hepliaklqana.
Hepliaklqana was greatly pleased with you.
You were completely stuffed.

You visited 2 branches of the dungeon, and saw 12 of its levels.
You also visited: Sewer.

You collected 854 gold pieces.
You spent 147 gold pieces at shops.

Inventory:

Hand Weapons
 a - a +6 quarterstaff
 b - the +6 hand crossbow of Conversion (weapon) {penet, Str+2}
   (You found it on level 8 of the Dungeon)

   Ammo fired by it will pass through the targets it hits, potentially hitting
   all targets in its path until it reaches maximum range.
   It affects your strength (+2).
Missiles
 O - 39 bolts (quivered)
Armour
 c - a +0 shield (worn)
 e - a +1 cloak (worn)
 j - a +0 pair of gloves (worn)
 y - a +1 ring mail of poison resistance
 H - the +1 leather armour of Acam {rF+ Stlth+}
   (You bought it in a shop on level 6 of the Dungeon)

   It protects you from fire.
   It makes you more stealthy.
 L - a +0 pair of boots (worn)
 M - the +1 robe of Hits (worn) {+Blink rF+ Slay+3}
   (You found it on level 7 of the Dungeon)

   It affects your accuracy and damage with ranged weapons and melee attacks
   (+3).
   It protects you from fire.
   It lets you blink.
Jewellery
 d - a ring of fire (left hand)
 p - an amulet of the gourmand (around neck)
Wands
 w - a wand of acid (2/15)
 T - a wand of lightning (6/15)
 V - a wand of flame (2/48)
 W - a wand of iceblast (4/15)
 Z - a wand of lightning (4/15)
Scrolls
 h - 3 scrolls of magic mapping
 m - 2 scrolls of fog
 o - a scroll of enchant armour
 s - 8 scrolls of remove curse
 z - 2 scrolls of enchant weapon
 Q - 3 scrolls of recharging
 S - a scroll of amnesia
Potions
 i - 3 potions of flight
 k - a potion of cancellation
 n - a potion of cure mutation
 t - a potion of lignification
 u - a potion of agility
 B - 4 potions of heal wounds
 C - a potion of brilliance
 D - a potion of might
 E - a potion of magic {unknown}
 F - a potion of mutation {unknown}
 I - 3 potions of curing {unknown}
 J - a potion of resistance {unknown}
 K - 2 potions of haste {unknown}
 P - a potion of invisibility {unknown}
 R - a potion of beneficial mutation {unknown}
 X - a potion of degeneration {unknown}
Comestibles
 f - 6 bread rations
 g - 6 meat rations
 l - 3 slices of pizza
 q - 6 fruits
 r - 10 chunks of flesh
 x - 2 royal jellies
 N - a beef jerky


   Skills:
 + Level 8.8 Fighting
 + Level 7.8 Staves
 + Level 3.4 Crossbows
 + Level 8.4 Armour
 + Level 5.0 Dodging
 + Level 8.6 Stealth
 + Level 9.6 Shields
 + Level 7.8 Invocations


You had 11 spell levels left.
You didn't know any spells.

Dungeon Overview and Level Annotations

Branches:
Dungeon (11/15)            Temple (0/1) D:7            Lair (0/6) D:8
    Orc (1/2) D:11

Altars:
Fedhas
Gozag
Hepliaklqana
Ru
Vehumet
Beogh

Shops:
D:4 (   D:6 !*(%   D:8 ?

Annotations:
D:9 exclusion: oklob plant


Innate Abilities, Weirdness & Mutations

You are under a permanent stasis effect.
You can dig through walls and to a lower floor.
Your four strong arms can wield two-handed weapons with a shield.
You have a pair of large antennae on your head. (SInv)


Message History

The orc knight is severely wounded.
Firing (i - inventory):
O - 42 bolts (quivered)
Press: ? - help, Shift-Dir - straight line, f/p - orc knight
Aim: an orc knight, wielding a battleaxe and wearing a chain mail (severely wounded)
You shoot a bolt.
The bolt pierces through the orc knight!
The orc knight is severely wounded.
Firing (i - inventory):
O - 41 bolts (quivered)
Press: ? - help, Shift-Dir - straight line, f/p - orc knight
Aim: an orc knight, wielding a battleaxe and wearing a chain mail (severely wounded)
You shoot a bolt.
The bolt pierces through the orc knight but does no damage.
The orc knight is severely wounded.
Firing (i - inventory):
O - 40 bolts (quivered)
Press: ? - help, Shift-Dir - straight line, f/p - orc knight
Aim: an orc knight, wielding a battleaxe and wearing a chain mail (severely wounded)
You shoot a bolt. The bolt barely misses the orc knight.
There is a staircase back to the Dungeon here.
The orc knight hits you with a battleaxe!!
You die...

#...# ##########..#.## .....#
#......##......##
......###......#.......##
.......#..........#.....#
.....#...........##...#####
#.....##..[...##....##.##
###..####..).#####.......#
#.....##....(^.#......#.##
.##.....)......@......###.##
..............#..o.....##...##
.......##)....#.......#......###
...............##....###.....#.#
...............##.....#...##...##
........#.##....<#........##...#.
.#.##...####......#.#......##)..#
.##.... #......###......#.#)..#
..... .......## ##........))##


You could see an orc knight.

Vanquished Creatures
  A hill giant (D:10)
  Pikel (D:5)
  An ugly thing (D:11)
  2 centaur skeletons
  A troll (D:11)
  Sigmund (D:5)
  A wraith (D:10)
  4 yaks (D:11)
  2 hippogriffs
  3 wargs
  A soldier ant (D:11)
  A water moccasin (D:10)
  A porcupine (D:8)
  2 sky beasts (D:11)
  A wasp (D:11)
  4 orc warriors
  3 centaurs
  2 ice beasts
  2 phantoms (D:4)
  4 ogres
  A crocodile (D:9)
  The ghost of Roxy the Firebug, an amateur DEFE (D:4)
  4 big kobolds
  2 giant frogs
  3 killer bees
  3 wights
  4 crimson imps
  A giant frog zombie (D:9)
  A centaur zombie (D:9)
  3 jellies
  7 hounds
  6 orc priests
  12 orc wizards
  An iguana (D:7)
  3 worker ants
  A hound zombie (D:5)
  A hound skeleton (D:6)
  Robin (D:2)
  A howler monkey zombie (D:11)
  4 gnolls
  A worker ant zombie (D:8)
  17 adders
  3 river rats (Sewer)
  2 shadow imps (D:8)
  3 oozes
  An adder skeleton (D:8)
  6 worms
  3 dart slugs
  14 giant geckos
  29 orcs
  5 ball pythons (Sewer)
  4 giant cockroaches
  13 goblins
  14 hobgoblins
  5 jackals (D:4)
  24 kobolds
  3 quokkas
  3 bats
  A giant gecko skeleton (D:4)
  A giant gecko zombie (D:5)
  10 giant newts
  12 rats
272 creatures vanquished.

Vanquished Creatures (collateral kills)
  A hydra (D:11)
  A troll (Orc:1)
  A boulder beetle (D:10)
  A wraith (D:11)
  A shadow (D:7)
  2 yaks (D:11)
  A hungry ghost (D:7)
  3 wargs
  A water moccasin (D:6)
  2 ice beasts
  2 orc warriors (Orc:1)
  A phantom (D:7)
  2 ogres
  A centaur (D:8)
  3 giant frogs
  A big kobold (D:8)
  A gnoll sergeant (D:11)
  A scorpion (D:4)
  5 wights
  5 killer bees
  3 howler monkeys
  A crimson imp (D:6)
  3 hounds
  A quasit (D:10)
  8 orc priests
  3 jellies
  A giant frog skeleton (D:4)
  An orc wizard (D:6)
  3 iguanas
  A worker ant (D:5)
  2 worker ant zombies
  4 adders
  A shadow imp (D:10)
  2 giant geckos
  10 orcs
  A giant cockroach (D:4)
  A goblin (D:11)
  A hobgoblin (D:11)
  3 jackals (D:4)
  A quokka (D:7)
  A giant newt (D:7)
  A kobold (D:9)
89 creatures vanquished.

Vanquished Creatures (others)
  2 battlemagi
  An ancestor (D:5)
  A quokka (D:5)
4 creatures vanquished.

Grand Total: 365 creatures vanquished

Notes
Turn   | Place    | Note
-------+----------+-------------------------------------------
     0 | D:1      | Krapule the Formicid Fighter began the quest for the Orb.
     0 | D:1      | Reached XP level 1. HP: 18/18 MP: 1/1
    57 | D:1      | Reached XP level 2. HP: 19/24 MP: 2/2
   275 | D:1      | Reached XP level 3. HP: 24/30 MP: 3/3
   765 | D:1      | Reached skill level 4 in Shields
  1036 | D:2      | Reached XP level 4. HP: 37/37 MP: 4/4
  1336 | D:1      | Reached XP level 5. HP: 4/42 MP: 5/5
  1342 | D:1      | HP: 2/42 [hound (2)]
  2221 | D:2      | Noticed Robin
  2258 | D:2      | Killed Robin
  2440 | D:2      | Reached XP level 6. HP: 49/49 MP: 6/6
  2957 | D:3      | Found a hazy altar of Hepliaklqana.
  2970 | D:3      | Became a worshipper of Hepliaklqana
  3015 | D:3      | Reached skill level 5 in Shields
  3171 | D:3      | Found a radiant altar of Vehumet.
  3560 | D:4      | Noticed an ogre
  3565 | D:4      | Killed an ogre
  3565 | D:4      | Reached skill level 1 in Stealth
  3565 | D:4      | Reached skill level 1 in Invocations
  3565 | D:4      | Reached XP level 7. HP: 24/49 MP: 7/7
  3574 | D:4      | Reached skill level 5 in Fighting
  3823 | D:4      | Found Ricazul's Weapon Boutique.
  3847 | D:4      | Reached * piety under Hepliaklqana
  3864 | D:4      | Noticed Roxy's ghost (amateur DEFE)
  3878 | D:4      | Killed Roxy's ghost
  4141 | D:4      | Reached skill level 5 in Armour
  4202 | D:4      | Reached XP level 8. HP: 55/56 MP: 9/9
  4206 | D:4      | Found a sacrificial altar of Ru.
  4620 | D:5      | Entered Level 5 of the Dungeon
  4649 | D:5      | Noticed Sigmund
  4683 | D:5      | Reached skill level 6 in Shields
  4724 | D:5      | Found a glowing drain.
  4750 | Sewer    | Entered a sewer
  5153 | D:5      | Killed Sigmund
  5153 | D:5      | Reached skill level 5 in Staves
  5205 | D:5      | Noticed Pikel
  5234 | D:5      | Killed Pikel
  5234 | D:5      | Reached skill level 5 in Stealth
  5234 | D:5      | Reached skill level 7 in Shields
  5234 | D:5      | Reached XP level 9. HP: 29/63 MP: 10/12
  5311 | D:5      | Reached ** piety under Hepliaklqana
  5396 | D:5      | Remembered your ancestor Funestine as a battlemage
  6057 | D:6      | Found Uruofud's Assorted Antiques.
  6062 | D:6      | Bought an encrusted leather armour for 147 gold pieces
  6072 | D:6      | Identified the +1 leather armour of Acam {rF+ Stlth+} (You bought it in a shop on level 6 of the Dungeon)
  6074 | D:6      | Found Destunt's Weapon Boutique.
  6117 | D:6      | Found Vehuipn's Distillery.
  6536 | D:6      | Reached skill level 1 in Dodging
  6734 | D:6      | Found Eneamoha's Food Boutique.
  7401 | D:7      | Reached skill level 5 in Invocations
  7507 | D:7      | Reached *** piety under Hepliaklqana
  7677 | D:7      | Reached XP level 10. HP: 25/71 MP: 13/13
  7923 | D:7      | Found a staircase to the Ecumenical Temple.
  8017 | D:7      | Got a sheer robe
  8045 | D:7      | Identified the +1 robe of Hits {+Blink rF+ Slay+3} (You found it on level 7 of the Dungeon)
  8248 | D:7      | Found a roughly hewn altar of Beogh.
  8315 | D:8      | Found an opulent altar of Gozag.
  8347 | D:8      | Reached skill level 8 in Shields
  8608 | D:8      | Found a staircase to the Lair.
  8808 | D:8      | Got a translucent hand crossbow
  8809 | D:8      | Identified the +6 hand crossbow of Conversion {penet, Str+2} (You found it on level 8 of the Dungeon)
  9419 | D:8      | Found Wyme's Magic Scroll Shop.
  9506 | D:9      | Reached **** piety under Hepliaklqana
  9537 | D:9      | Found a blossoming altar of Fedhas.
  9552 | D:9      | Noticed an oklob plant
  9657 | D:9      | Reached XP level 11. HP: 76/77 MP: 15/15
  9745 | D:9      | Reached skill level 1 in Crossbows
 10180 | D:10     | Entered Level 10 of the Dungeon
 10180 | D:10     | Noticed a hill giant
 10504 | D:10     | HP: 1/77 [boulder beetle (25)]
 11066 | D:10     | Killed a hill giant
 11066 | D:10     | Reached skill level 9 in Shields
 11568 | D:11     | Found a staircase to the Orcish Mines.
 11879 | D:11     | Noticed a five-headed hydra
 11884 | D:11     | Killed a five-headed hydra
 12451 | D:11     | Noticed a green ugly thing
 12461 | D:11     | Reached XP level 12. HP: 84/84 MP: 17/17
 12746 | Orc:1    | Entered Level 1 of the Orcish Mines
 12759 | Orc:1    | Reached skill level 5 in Dodging
 12959 | Orc:1    | Slain by an orc knight

Vault maps used:
D:1:      evilmike_arrival_run_for_it, minmay_lizard_king
D:2:      st_stairs_14, cheibrodos_gnoll_hut, uniq_robin
D:3:      lemuel_round_altar, vehumet_crystals
D:4:      serial_shops, shop, nicolae_ru_great_annihilating_truth
D:5:      portal_sewer_entry_f, first_bread, uniq_sigmund, uniq_pikel
D:6:      serial_shops, nicolae_shop_competitors_out_of_business, shop_coins,
          shop, kennysheep_little_box, minivault_11, minmay_misc_feat_iff
D:7:      kennysheep_big_flooded_room, david_defended_altar_orc
D:8:      erik_lair_orcish_takeover, serial_shops, shop, basic_altar
D:9:      tgw_fedhas, eino_curves_04
D:10:     boulder_corridor_run
D:11:     erik_orc_3
Orc:1:    minmay_orc_temple_a, uniq_fannar
Sewer:    sewer_co_15_rooms

Skill      XL: |  1  2  3  4  5  6  7  8  9 10 11 12 |
---------------+-------------------------------------+-----
Shields        | 4 5 7 8 9 |  9.6
Fighting       | 4 5 6 7 8 |  8.8
Staves         | 3 4 5 6 7 |  7.8
Armour         | 4 5 6 7 8 |  8.4
Stealth        | 1 2 5 7 8 |  8.6
Invocations    | 1 2 4 5 6 7 |  7.8
Dodging        | 2 3 4 5 |  5.0
Crossbows      | 3 |  3.4

Action                   |  1- 3 |  4- 6 |  7- 9 | 10-12 || total
-------------------------+-------+-------+-------+-------++-------
Melee: Quarterstaff      |   133 |   196 |   392 |   396 ||  1117
 Fire: Hand crossbow     |       |       |       |    16 ||    16
Invok: Ancestor Identity |       |     1 |       |       ||     1
       Ancestor Life: Ba |       |       |     1 |       ||     1
       Recall Ancestor   |       |       |       |     1 ||     1
Evoke: Wand              |       |       |     1 |     5 ||     6
  Use: Scroll            |     1 |     5 |     5 |    11 ||    22
       Potion            |       |     1 |       |     1 ||     2
 Stab: Distracted        |       |       |     5 |     1 ||     6
       Sleeping          |       |       |     8 |    11 ||    19
       Paralysed         |       |       |     1 |       ||     1
  Eat: Chunk             |       |    27 |    18 |    18 ||    63
Armor: Scale mail        |    51 |    33 |       |       ||    84
       Chain mail        |       |    49 |       |       ||    49
       Ring mail         |       |       |    83 |       ||    83
       Leather armour    |       |       |    27 |    13 ||    40
       Robe              |       |       |       |    54 ||    54
       Skin              |       |       |       |    10 ||    10
Dodge: Dodged            |    30 |    57 |    98 |   133 ||   318
Block: Shield            |    51 |    89 |   181 |   187 ||   508
